 Dungeon Crawl Stone Soup version 0.22.1-6-g1668fe2c40 (webtiles) character file.

648 Cykl0x the Chopper (level 7, -1/62 HPs)
             Began as a Deep Dwarf Fighter on Jan 19, 2019.
             Slain by an ogre
             ... wielding a +0 giant club
              (11 damage)
             ... on level 4 of the Dungeon.
             The game lasted 00:13:24 (3252 turns).

Cykl0x the Chopper (Deep Dwarf Fighter)             Turns: 3252, Time: 00:13:25

Health: -1/62      AC: 13    Str: 21    XL:     7   Next: 27%
Magic:  6/6        EV:  5    Int:  9    God:
Gold:   246        SH: 12    Dex: 12    Spells: 6/6 levels left

rFire    . . .     SeeInvis .   a - +0 war axe
rCold    . . .     Gourm    .   c - +2 shield
rNeg     . . .     Faith    .   s - +1 plate armour
rPois    .         Spirit   .   (no helmet)
rElec    .         Reflect  .   j - scarf {cloud immunity}
rCorr    .         Harm     .   (no gloves)
MR       ++...                  (no boots)
Stlth    ..........             (no amulet)
HPRegen  0.00/turn              n - ring of protection from magic
MPRegen  0.10/turn              (no ring)

@: non-regenerating
A: damage resistance, heal wounds, sense surroundings 1, no regeneration
a: Heal Wounds


You were on level 4 of the Dungeon.
You were not hungry.

You visited 1 branch of the dungeon, and saw 4 of its levels.
You also visited: Sewer.

You collected 246 gold pieces.

Inventory:

Hand Weapons
 a - a +0 war axe (weapon)
Missiles
 h - 128 stones
 m - 2 tomahawks (quivered)
Armour
 b - a +0 scale mail
 c - a +2 shield (worn)
 j - a scarf of cloud immunity (worn)
 s - a +1 plate armour (worn)
Jewellery
 n - a ring of protection from magic (left hand)
Scrolls
 e - 3 scrolls of amnesia
 g - 2 scrolls of immolation
 q - 4 scrolls of teleportation
 t - a scroll of remove curse
Potions
 d - 3 potions of might
 i - 3 potions of curing {unknown}
 k - a potion of invisibility {unknown}
 o - 2 potions of mutation {unknown}
 p - a potion of berserk rage {unknown}
 r - 2 potions of flight
Comestibles
 f - 9 rations
 l - 11 chunks of flesh


   Skills:
 + Level 3.3 Fighting
 * Level 6.3 Axes
 + Level 4.5 Armour
 * Level 2.4 Dodging
 + Level 0.5 Stealth
 + Level 5.1 Shields


You had 6 spell levels left.
You didn't know any spells.
Your spell library was empty.

Dungeon Overview and Level Annotations

Branches:
Dungeon (4/15)
 Temple: D:4-7

Altars:

Annotations:
D:3 3 runed doors, LiquoriceLizzard's ghost, amateur DDFi


Innate Abilities, Weirdness & Mutations

You are resistant to damage.
You can heal yourself by infusing magical energy.
You passively map a small area around you.
You do not regenerate.


Message History

The ogre is lightly wounded.
You block the ogre's attack.
You hit the ogre.
The ogre is moderately wounded.
You block the ogre's attack.
You hit the ogre but do no damage.
The ogre is moderately wounded.
The ogre hits you with a giant club!
* * * LOW HITPOINT WARNING * * *
You hit the ogre.
The ogre is moderately wounded.
The ogre hits you but does no damage.
You slash the ogre!
The ogre is almost dead.
The ogre hits you with a giant club!
* * * LOW HITPOINT WARNING * * *
You completely miss the ogre.
The ogre is almost dead.
The ogre hits you with a giant club!
You die...

.####....<......#.## .
.............(.....#..
#####...........#....
#........รท.........*,
#.##....(<......# ,*
). #...........## ** *
#* ####.........# , ,
######.#.O#,,* *
#...@# ##......# *
#..##### * , ,....#
##..(# #...# #... ###.
*


You could see an ogre.

Vanquished Creatures
  Duvessa (D:4)
  Dowan (D:4)
  An orc priest (D:3)
  A bullfrog skeleton (D:4)
  An orc wizard (D:3)
  2 merfolk sirens (Sewer)
  2 worker ants (D:4)
  A merfolk avatar (Sewer)
  12 adders
  3 river rats (Sewer)
  A shadow imp (D:2)
  2 oozes
  3 worms
  2 dart slugs
  5 leopard geckos
  3 orcs (D:3)
  5 bats
  12 giant cockroaches
  7 goblins
  5 hobgoblins
  10 jackals
  10 kobolds
  2 quokkas
  6 ball pythons
  4 frilled lizards
  A jackal skeleton (D:4)
  46 rats
149 creatures vanquished.

Notes
Turn   | Place    | Note
-------+----------+-------------------------------------------
     0 | D:1      | Cykl0x the Deep Dwarf Fighter began the quest for the Orb.
     0 | D:1      | Reached XP level 1. HP: 20/20 MP: 1/1
    88 | D:1      | Reached XP level 2. HP: 22/27 MP: 2/2
   600 | D:1      | Reached skill level 3 in Axes
   632 | D:1      | Reached XP level 3. HP: 19/33 MP: 3/3
  1137 | D:2      | Reached XP level 4. HP: 26/40 MP: 4/4
  1477 | D:3      | Reached skill level 4 in Axes
  1477 | D:3      | Reached skill level 1 in Dodging
  1479 | D:3      | Reached XP level 5. HP: 30/49 MP: 5/5
  1856 | D:3      | Found a glowing drain.
  1863 | Sewer    | Entered a sewer
  1984 | Sewer    | Reached skill level 5 in Axes
  1984 | Sewer    | Reached XP level 6. HP: 46/56 MP: 6/6
  2738 | D:3      | Found a runed gate.
  2739 | D:3      | Found a runed gate.
  2740 | D:3      | Found a runed gate.
  3037 | D:3      | Noticed LiquoriceLizzard's ghost (amateur DDFi)
  3153 | D:4      | Noticed Duvessa
  3153 | D:4      | Noticed Dowan
  3165 | D:4      | Killed Dowan
  3165 | D:4      | Reached XP level 7. HP: 54/62 MP: 7/7
  3167 | D:4      | Reached skill level 6 in Axes
  3189 | D:4      | Killed Duvessa
  3189 | D:4      | Reached skill level 5 in Shields
  3252 | D:4      | Slain by an ogre

Skill      XL: |  1  2  3  4  5  6  7 |
---------------+----------------------+-----
Axes           | 3 4 5 6 |  6.3
Fighting       | 3 |  3.3
Armour         | 4 |  4.5
Dodging        | 1 2 |  2.4
Shields        | 4 5 |  5.1
Stealth        | |  0.5

Action                   |  1- 3 |  4- 6 |  7- 9 || total
-------------------------+-------+-------+-------++-------
Melee: War axe           |   104 |   356 |    31 ||   491
Throw: Tomahawk          |       |       |     1 ||     1
 Abil: Heal Wounds       |     1 |     4 |     1 ||     6
  Use: Scroll            |     3 |     4 |       ||     7
       Potion            |       |     2 |       ||     2
  Eat: Chunk             |     1 |     8 |       ||     9
Armor: Scale mail        |    53 |   128 |       ||   181
       Plate armour      |       |    45 |    13 ||    58
Dodge: Dodged            |    41 |   136 |     3 ||   180
Block: Shield            |    70 |   262 |    21 ||   353
